Map: Ice and Chrome LE

Players

Geralt (Gerald) - Winner!

  • Race: Protoss Protoss
  • League: Grandmaster
  • Spawn Location: 7:00

TLHarstem (Harstem)

  • Race: Protoss Protoss
  • League: Master
  • Spawn Location: 1:00

Event: DreamHack SC2 Masters 2020 Summer Europe

VOD

Have the link to the VOD?

Description

Time

  • Played on: July 5, 2020, 11:48 a.m.
  • Length: 15:33

All games in this series

Show
View Real Time Build Order
Export as new Build Order

Geralt Protoss - Winner!

Build Orders: Oracle Opening 

Get SALT Encoding   

  12  0:00  Probe  
  13  0:12  Probe  
  14  0:17  Pylon  
  14  0:23  Probe  
  15  0:31  Probe  
  15  0:39  Gateway, Probe  
  16  0:45  Assimilator  
  17  0:51  Probe  
  17  0:54  Assimilator  
  18  0:59  Probe  
  19  1:07  Gateway, Probe  
  19  1:17  Probe  
  21  1:26  Cybernetics Core  
  21  1:29  Probe  
  22  1:41  Probe  
  22  1:43  Pylon  
  23  2:01  Probe  
  24  2:02  Stargate  
  24  2:03  Adept  
  24  2:04  Adept  
  28  2:11  Warp Gate  
  28  2:14  Probe  
  29  2:16  Pylon  
  29  2:26  Probe  
  30  2:32  Pylon  
  30  2:36  Oracle  
  30  2:39  Probe  
  31  2:49  Stalker  
  36  2:51  Shield Battery  
  36  2:55  Pylon  
  36  3:04  Pylon  
  36  3:10  Robotics Facility  
  35  3:28  Stalker x2  
  37  3:40  Gateway  
  37  3:51  Immortal  
  41  4:05  Pylon  
  41  4:08  Shield Battery  
  41  4:09  Adept  
  43  4:12  Sentry  
  45  4:27  Gateway  
  45  4:29  Warp Prism  
  45  4:35  Sentry  
  43  5:00  Immortal  
  43  5:02  Stalker  
  49  5:14  Stalker  
  45  5:35  Stalker x2  
  49  6:02  Pylon  
  49  6:05  Pylon  
  49  6:11  Nexus  
  49  6:13  Observer  
  49  6:20  Phoenix, Probe  
  53  6:32  Probe  
  54  6:44  Probe  
  53  6:56  Probe  
  53  7:00  Robotics Bay  
  54  7:02  Warp Prism  
  55  7:08  Probe  
  55  7:15  Pylon  
  57  7:20  Probe  
  58  7:37  Disruptor  
  58  7:40  Assimilator  
  58  7:44  Probe  
  58  7:48  Gravitic Drive  
  58  7:50  Forge  
  62  7:52  Probe, Pylon  
  62  7:55  Shield Battery  
  63  8:12  Disruptor  
  63  8:14  Pylon  
  63  8:24  Protoss Ground Weapons Level 1  
  66  8:28  Gateway, Twilight Council  
  66  8:29  Gateway  
  66  8:36  Assimilator  
  66  8:38  Shield Battery  
  66  8:45  Blink  
  66  8:48  Probe  
  67  9:00  Probe  
  68  9:08  Nexus  
  69  9:10  Probe  
  69  9:11  Dark Shrine  
  69  9:12  Disruptor  
  69  9:16  Pylon  
  72  9:26  Probe  
  73  9:34  Stalker x5  
  83  9:45  Probe  
  84  9:46  Probe  
  82  9:57  Probe  
  83  10:11  Disruptor  
  86  10:15  Stalker x5  
  86  10:21  Probe  
  96  10:24  Probe  
  96  10:25  Probe  
  99  10:29  Probe  
  100  10:37  Probe x2  
  100  10:40  Dark Templar x2, Probe  
  100  10:41  Protoss Ground Weapons Level 2  
  107  10:45  Photon Cannon  
  107  10:48  Assimilator  
  107  10:50  Dark Templar  
  107  10:54  Probe x2  
  107  10:55  Probe  
  112  10:59  Pylon  
  112  11:10  Probe x2  
  114  11:12  Disruptor  
  114  11:14  Assimilator  
  115  11:22  Probe  
  115  11:24  Dark Templar  
  115  11:25  Zealot x2  
  122  11:26  Zealot  
  122  11:31  Probe  
  119  11:39  Zealot  
  111  11:48  Disruptor  
  114  11:58  Gateway x2, Probe x3  
  115  12:01  Photon Cannon  
  115  12:04  Photon Cannon  
  115  12:12  Probe  
  113  12:15  Probe  
  113  12:16  Probe  
  113  12:22  Probe  
  116  12:24  Dark Templar x4  
  116  12:29  Archon x2  
  125  12:33  Disruptor  
  125  12:38  Dark Templar  
  125  12:41  Probe  
  131  12:44  Probe  
  131  12:46  Probe  
  133  12:52  Gateway  
  133  12:54  Pylon  
  133  12:56  Pylon  
  133  12:57  Pylon x2  
  133  12:59  Pylon  
  133  13:12  Probe  
  130  13:26  Disruptor  
  128  13:28  Dark Templar x5  
  128  13:33  Shield Battery  
  138  13:36  Pylon  
  138  13:40  Archon  
  138  13:41  Dark Templar, Archon  
  141  13:43  Nexus  
  143  13:49  Pylon  
  141  13:59  Dark Templar x2, Archon  
  141  14:00  Probe  
  141  14:01  Shield Battery  
  146  14:03  Probe x2  
  146  14:04  Stalker  
  146  14:07  Zealot  
  152  14:12  Probe  
  152  14:13  Photon Cannon  
  152  14:14  Shield Battery  
  152  14:15  Photon Cannon, Probe x2  
  155  14:17  Archon  
  155  14:20  Warp Prism  
  157  14:27  Probe  
  157  14:30  Probe  
  157  14:31  Probe  
  160  14:37  Shield Battery  
  160  14:39  Dark Templar x3, Probe  
  167  14:50  Archon  
  167  14:51  Stalker x3  
  172  14:56  Stalker  
  172  14:58  Stalker, Probe  
  172  14:59  Probe  
  170  15:01  Probe  
  170  15:03  Probe  
  170  15:08  Observer  
  170  15:10  Probe  
  160  15:30  Stalker x6  
Show
View Real Time Build Order
Export as new Build Order

TLHarstem Protoss 

Build Orders:  

Get SALT Encoding   

  12  0:00  Probe  
  13  0:12  Probe  
  14  0:18  Pylon  
  14  0:24  Probe  
  15  0:32  Probe  
  15  0:37  Gateway  
  15  0:40  Probe  
  16  0:47  Assimilator  
  17  0:51  Probe  
  17  0:54  Assimilator  
  18  0:59  Probe  
  19  1:07  Gateway, Probe  
  19  1:17  Probe  
  20  1:25  Cybernetics Core  
  21  1:29  Probe  
  22  1:34  Pylon  
  22  1:42  Probe  
  23  2:01  Robotics Facility  
  23  2:02  Stalker  
  23  2:04  Stalker  
  27  2:11  Pylon  
  27  2:12  Warp Gate  
  27  2:32  Stalker  
  27  2:34  Stalker  
  31  2:38  Immortal  
  34  2:55  Shield Battery  
  34  3:11  Warp Prism  
  34  3:17  Shield Battery  
  36  3:20  Probe  
  35  3:43  Pylon  
  35  3:46  Probe  
  36  4:01  Immortal, Stalker  
  42  4:04  Sentry  
  42  4:06  Probe  
  45  4:11  Pylon  
  45  4:32  Sentry  
  45  4:38  Stalker  
  49  4:44  Probe  
  49  4:57  Observer  
  50  5:00  Probe  
  50  5:05  Nexus  
  51  5:09  Pylon  
  51  5:15  Sentry  
  51  5:16  Probe  
  55  5:35  Probe  
  55  5:37  Pylon  
  53  5:47  Robotics Facility  
  45  5:52  Probe  
  45  5:55  Shield Battery  
  45  5:56  Sentry, Shield Battery  
  45  5:57  Sentry  
  50  6:04  Probe  
  50  6:08  Pylon  
  51  6:16  Probe  
  51  6:18  Probe  
  53  6:26  Stalker  
  53  6:27  Stalker  
  57  6:33  Probe  
  56  6:49  Zealot  
  56  6:52  Probe  
  56  6:53  Probe  
  60  6:57  Stalker  
  60  7:00  Probe  
  62  7:04  Probe  
  64  7:09  Probe  
  64  7:12  Probe  
  65  7:16  Twilight Council  
  65  7:20  Probe  
  67  7:24  Immortal  
  68  7:31  Assimilator  
  68  7:32  Probe  
  68  7:35  Blink  
  68  7:36  Probe  
  73  7:40  Zealot x2  
  77  7:44  Probe  
  77  7:48  Probe  
  77  7:49  Forge  
  79  8:01  Gateway, Protoss Ground Weapons Level 1  
  79  8:02  Gateway  
  78  8:07  Probe  
  79  8:15  Immortal  
  79  8:18  Probe  
  84  8:21  Pylon  
  84  8:37  Nexus  
  84  8:38  Pylon  
  84  8:41  Probe  
  85  8:49  Stalker x2  
  90  8:56  Assimilator  
  89  9:03  Stalker x2  
  89  9:06  Probe x2  
  95  9:14  Gateway  
  95  9:15  Gateway  
  95  9:17  Stalker  
  97  9:21  Stargate  
  97  9:31  Stalker  
  99  9:38  Stalker  
  101  9:44  Pylon  
  102  9:54  Gateway  
  102  9:55  Stalker  
  102  9:57  Stalker  
  102  9:58  Stalker  
  102  9:59  Phoenix  
  107  10:00  Charge  
  107  10:01  Stalker  
  109  10:09  Phoenix  
  89  10:15  Stalker  
  89  10:16  Stalker  
  89  10:18  Probe  
  89  10:20  Protoss Ground Weapons Level 2, Probe  
  95  10:22  Zealot  
  95  10:23  Probe  
  98  10:30  Probe  
  98  10:32  Probe  
  98  10:35  Probe  
  101  10:39  Phoenix  
  101  10:42  Probe  
  102  10:44  Probe  
  102  10:47  Probe  
  106  10:50  Zealot x2  
  106  10:52  Assimilator  
  106  10:54  Pylon  
  106  10:56  Assimilator  
  110  11:02  Phoenix  
  110  11:04  Zealot x2  
  114  11:08  Dark Shrine  
  116  11:18  Observer  
  113  11:23  Zealot x4  
  117  11:26  Probe  
  117  11:30  Phoenix  
  118  11:39  Observer, Probe  
  112  11:41  Probe  
  104  11:48  Probe  
  102  11:59  Probe  
  102  12:00  Probe  
  105  12:01  Probe  
  105  12:08  Probe  
  105  12:10  Probe  
  105  12:11  Probe, Pylon  
  105  12:14  Pylon  
  106  12:16  Probe  
  106  12:22  Probe  
  108  12:23  Probe  
  108  12:24  Photon Cannon  
  108  12:26  Probe  
  110  12:36  Immortal  
  114  12:38  Dark Templar, Phoenix  
  114  12:39  Dark Templar  
  114  12:42  Probe  
  119  12:44  Photon Cannon  
  119  12:50  Photon Cannon  
  121  12:52  Probe  
  121  12:55  Probe  
  123  13:01  Phoenix  
  123  13:06  Probe  
  126  13:16  Templar Archives  
  126  13:18  Immortal  
  126  13:20  Nexus  
  126  13:26  Probe  
  127  13:28  Pylon  
  127  13:32  Robotics Bay  
  131  13:45  Pylon, Probe  
  131  13:46  Probe  
  133  13:49  Stalker x3  
  133  13:50  Stalker  
  133  13:52  Phoenix  
  133  13:55  Probe  
  144  13:56  Photon Cannon  
  144  13:59  Dark Templar  
  146  14:09  Shield Battery  
  146  14:10  Shield Battery  
  146  14:12  High Templar x2  
  146  14:14  Photon Cannon  
  150  14:17  Archon  
  150  14:22  Probe x2  
  152  14:24  Robotics Facility, Probe  
  152  14:28  Pylon  
  152  14:29  Pylon  
  153  14:37  Robotics Bay, Zealot x4  
  161  15:04  Zealot x6  
  161  15:06  Phoenix  
  173  15:17  Zealot  
  121  15:28  Zealot x3  
  121  15:29  Zealot x3  
Tags
 
Add a new tag
Caveats
  • Supply blocks, unpowered buildings, or Contaminate may cause inaccurate times.
  • Supply counts are checked every 10 seconds.